 Dungeon Crawl Stone Soup version 0.20.0-1-g1cb1d84 (webtiles) character file.

326 KiwiOfAdowableness the Magician (level 6, 0/32 HPs)
             Began as a Deep Elf Fire Elementalist on May 26, 2017.
             Killed by divine providence
             ... invoked by an orc priest
              (15 damage)
             ... on level 4 of the Dungeon.
             The game lasted 00:09:36 (2800 turns).

KiwiOfAdowableness the Magician (DEFE)              Turns: 2800, Time: 00:09:38

Health: 0/32       AC:  2    Str:  5    XL:     6   Next: 24%
Magic:  9/18       EV: 13    Int: 22    God:
Gold:   270        SH:  0    Dex: 15    Spells: 9/19 levels left

rFire    . . .     SeeInvis .   (no weapon)
rCold    . . .     Gourm    .   (no shield)
rNeg     . . .     Faith    .   a - +0 robe
rPois    .         Spirit   .   (no helmet)
rElec    .         Reflect  .   (no cloak)
rCorr    .         Harm     .   (no gloves)
MR       .....                  (no boots)
Stlth    ++........             (no amulet)
Regen    0.1/turn               (no ring)
MPRegen  0.2/turn               (no ring)

@: no status effects
A: no striking features
a: no special abilities


You were on level 4 of the Dungeon.
You were hungry.

You visited 1 branch of the dungeon, and saw 4 of its levels.

You collected 270 gold pieces.

Inventory:

Armour
 a - a +0 robe (worn)
 y - a +1 leather armour of poison resistance
Jewellery
 m - an uncursed ring of stealth {unknown}
Scrolls
 i - 3 scrolls of amnesia {unknown}
 o - 3 scrolls of magic mapping {unknown}
 p - 4 scrolls of teleportation {unknown}
 q - 2 scrolls of identify {unknown}
 r - 2 scrolls of remove curse {unknown}
 s - a scroll of recharging {unknown}
 A - a scroll of blinking {unknown}
Potions
 d - 2 potions of mutation {unknown}
 e - a potion of heal wounds {unknown}
 f - 3 potions of might {unknown}
 g - a potion of resistance {unknown}
 j - a potion of agility {unknown}
 k - a potion of cancellation {unknown}
 l - a potion of ambrosia {unknown}
 n - a potion of haste {unknown}
 t - a potion of berserk rage {unknown}
 u - 2 potions of magic {unknown}
 v - a potion of curing {unknown}
 w - a potion of degeneration {unknown}
 x - a potion of lignification {unknown}
Books
 b - a book of Flames

   Spells                             Type                      Level
   a - Flame Tongue                   Conjuration/Fire             1
   b - Throw Flame                    Conjuration/Fire             2
   c - Conjure Flame                  Conjuration/Fire             3
   d - Inner Flame                    Hexes/Fire                   3
   e - Sticky Flame                   Conjuration/Fire             4
   f - Fireball                       Conjuration/Fire             5
Comestibles
 c - 3 bread rations
 h - 3 meat rations
 z - 2 chunks of flesh


   Skills:
 - Level 2.5 Dodging
 - Level 2.5 Stealth
 - Level 7.1 Spellcasting
 + Level 1.9 Conjurations
 - Level 5.1 Fire Magic


You had 9 spell levels left.
You knew the following spells:

 Your Spells              Type           Power        Failure   Level  Hunger
a - Flame Tongue          Conj/Fire      ###..        1%          1    None
b - Throw Flame           Conj/Fire      ###...       2%          2    None
c - Conjure Flame         Conj/Fire      ###.....     5%          3    None
d - Sticky Flame          Conj/Fire      ###.....     19%         4    ###....


Dungeon Overview and Level Annotations

Branches:
Dungeon (4/15)
 Temple: D:4-7

Altars:
Cheibriados
Qazlal
Ru
Uskayaw
Xom


Message History

Casting: Flame Tongue
Confirm with . or Enter, or press ? or * to list all spells.
Aiming: Sticky Flame
Press: ? - help, Shift-Dir - straight line, f/p - orc
Aim: an orc, wearing a leather armour (lightly wounded)
The sticky flame hits the orc.
The orc is heavily wounded.
The orc is covered in liquid flames!
The orc burns!
You kill the orc!
Casting: Sticky Flame
Confirm with . or Enter, or press ? or * to list all spells.
Aiming: Sticky Flame
Press: ? - help, Shift-Dir - straight line, f - orc priest
Aim: an orc priest, wearing a chain mail The sticky flame hits the orc priest.
The orc priest appears unharmed.
The orc priest is covered in liquid flames!
The orc priest burns!
The orc priest calls down the wrath of Beogh upon you.
Beogh smites you!
You die...

....# .## #.# ###........
....##.# #.# #...##... ........
#.# #...##... .##.##.# #.#
#...##... .# ... # #.# ########
#...##### .# ########.# #......#
#...# ##
.###.....##.####.####.###...####.
...#..........lo.................
##.#..........##@#...............
#.#.....##.#.##.#...>...........
#.#......♣...♣..####.###...####.
##.#####.♣⌠♣o♣⌠♣......# #...# #.
...# #..♣...♣..###### #...# ##
#######.♣...♣...♣.## #...# #
##..♣⌠♣.♣⌠♣.♣⌠♣.# #...# #
#....♣...♣...♣..######...# #
##(.♣..?♣...♣...♣.##......#####


You could see an orc priest (burning) and a frilled lizard.

Vanquished Creatures
  2 orc wizards (D:4)
  Jessica (D:2)
  Natasha (twice) (D:4)
  8 gnolls (D:4)
  4 adders
  An adder skeleton (D:4)
  2 worms
  11 orcs
  A giant cockroach (D:4)
  7 goblins
  3 hobgoblins (D:1)
  2 jackals (D:4)
  6 kobolds
  A quokka (D:4)
  4 ball pythons
  4 bats
  4 frilled lizards
  7 rats
70 creatures vanquished.

Notes
Turn   | Place    | Note
-------+----------+-------------------------------------------
     0 | D:1      | KiwiOfAdowableness the Deep Elf Fire Elementalist began the quest for the Orb.
     0 | D:1      | Reached XP level 1. HP: 10/10 MP: 6/6
   426 | D:1      | Reached XP level 2. HP: 15/15 MP: 5/8
   853 | D:2      | Found a shimmering altar of Xom.
   856 | D:2      | Found a hide-covered altar of Uskayaw.
   856 | D:2      | Found a stormy altar of Qazlal.
   858 | D:2      | Found a snail-covered altar of Cheibriados.
   859 | D:2      | Reached skill level 4 in Spellcasting
   944 | D:2      | Noticed Jessica
   954 | D:2      | Killed Jessica
   954 | D:2      | Reached skill level 5 in Spellcasting
   954 | D:2      | Reached XP level 3. HP: 19/19 MP: 1/11
  1165 | D:2      | Found a sacrificial altar of Ru.
  1504 | D:3      | Reached XP level 4. HP: 24/24 MP: 9/13
  1550 | D:3      | You fall through a shaft!
  1604 | D:4      | Reached skill level 6 in Spellcasting
  1977 | D:4      | Noticed Natasha
  1984 | D:4      | Killed Natasha
  1984 | D:4      | Reached skill level 7 in Spellcasting
  1984 | D:4      | Reached XP level 5. HP: 7/28 MP: 4/16
  1989 | D:4      | Learned a level 3 spell: Conjure Flame
  1994 | D:4      | Learned a level 4 spell: Sticky Flame
  2193 | D:4      | Noticed Natasha
  2594 | D:4      | Reached skill level 5 in Fire Magic
  2594 | D:4      | Reached XP level 6. HP: 28/32 MP: 11/18
  2604 | D:4      | Learned a level 2 spell: Throw Flame
  2688 | D:4      | Killed Natasha
  2800 | D:4      | Killed from afar by an orc priest

Skill      XL: |  1  2  3  4  5 |
---------------+----------------+-----
Spellcasting   | 5 7 |  7.1
Fire Magic     | 5 |  5.1
Dodging        | |  2.5
Stealth        | |  2.5
Conjurations   | |  1.9

Action                   |  1- 3 |  4- 6 || total
-------------------------+-------+-------++-------
 Cast: Flame Tongue      |    52 |   100 ||   152
       Sticky Flame      |       |     2 ||     2
  Eat: Chunk             |     1 |     4 ||     5
Armor: Robe              |     5 |     2 ||     7
Dodge: Dodged            |     7 |    40 ||    47
